 Dungeon Crawl Stone Soup version 0.28-a0-1389-gc726bef33b (webtiles) character file.

Game seed: 6950911245894813293

449 flotson the Ducker (level 6, -17/47 HPs)
             Began as a Demonspawn Gladiator on Jan 3, 2022.
             Killed by an exploding orc (39 damage)
             ... ignited by their inner flame
             ... on level 4 of the Dungeon.
             The game lasted 00:05:37 (5420 turns).

flotson the Ducker (Demonspawn Gladiator)           Turns: 5420, Time: 00:05:38

Health: -17/47     AC:  6    Str: 17    XL:     6   Next: 74%
Magic:  6/6        EV: 13    Int:  9    God:
Gold:   139        SH:  0    Dex: 14    Spells: 5/5 levels left

rFire   . . .      SeeInvis .   b - +3 flail (drain)
rCold   . . .      Faith    .   (no shield)
rNeg    . . .      Spirit   .   i - +0 ring mail
rPois   .          Reflect  .   c - +0 helmet
rElec   .          Harm     .   (no cloak)
rCorr   .          Rampage  .   (no gloves)
Will    .....                   (no boots)
Stlth   +.........              (no amulet)
HPRegen 0.15/turn               (no ring)
MPRegen 0.10/turn               (no ring)

@: lethally poisoned (-17 -> -26), weak-willed, slowed, very slow
A: hooves 2, demonic guardian 1, sturdy frame 1
a: no special abilities


You were on level 4 of the Dungeon.
You visited 1 branch of the dungeon, and saw 4 of its levels.

You collected 139 gold pieces.

Inventory:

Hand Weapons
 a - a +0 broad axe
 b - a +3 flail of draining (weapon)
 o - a +2 flail of protection
Missiles
 d - 3 throwing nets (quivered)
 g - 11 poisoned darts
Armour
 c - a +0 helmet (worn)
 i - a +0 ring mail (worn)
Scrolls
 f - a scroll of identify
 h - a scroll of amnesia
Potions
 e - a potion of haste {unknown}
 k - a potion of might {unknown}
 m - a potion of curing {unknown}
 n - 2 potions of mutation {unknown}
 p - a potion of degeneration {unknown}


   Skills:
 + Level 3.6 Fighting
 + Level 1.2(2.6) Axes
 - Level 3.5(3.7) Maces & Flails
 + Level 3.2 Throwing
 + Level 2.5 Armour
 + Level 4.0 Dodging


You had 5 spell levels left.
You didn't know any spells.
Your spell library contained the following spells:

 Spells                   Type           Power      Damage    Failure   Level
 Ignite Poison            Fire/Tmut/Pois 0%         N/A       85%         3
 Mephitic Cloud           Conj/Pois/Air  0%         N/A       85%         3
 Freezing Cloud           Conj/Ice/Air   0%         6-21      100%        5


Dungeon Overview and Level Annotations

Branches:
Dungeon (4/15)
 Temple: D:4-7

Altars:


Innate Abilities, Weirdness & Mutations

You have hoof-like feet.
A weak demonic guardian rushes to your aid.
Your movements are slightly less encumbered by armour. (ER -2)


Message History

The orc moves out of view.
The orc wizard moves out of view.
As you read the scroll labelled HYBRAE ZUITZAN, it crumbles to dust.
It is a scroll of identify.
h - a scroll of amnesia You feel very sick.
The orc shouts!
The adder bites you but does no damage. x2; The adder closely misses you.
As you read the scroll labelled WIPLURROZY, it crumbles to dust.
Magic quickly surges around you.
It was a scroll of vulnerability.
You feel very sick. The adder bites you but does no damage.
The adder barely misses you.
The orc wizard casts a spell.
The orc wizard flickers and vanishes!
Deactivating autopickup; reactivate with Ctrl-A.
The orc completely misses you.
The adder bites you but does no damage. x2
As you read the scroll labelled ALIL YPLUJ, it crumbles to dust.
Wisps of shadow whirl around you...
It was a scroll of summoning.
You feel very sick. The adder bites you.
You are more poisoned.
The adder poisons you! The adder closely misses you.
A puff of flame appears from out of thin air!
The puff of flame hits your endoplasm!
Your endoplasm dies!
Your endoplasm dissolves into shadows!
The orc hits you but does no damage. The adder closely misses you.
The adder bites you but does no damage.
As you read the scroll labelled YGROMU SEKIARHAWE, it crumbles to dust.
The creatures around you are filled with an inner flame!
It was a scroll of immolation.
You feel very sick. The orc misses you. The adder bites you but does no damage.
The adder closely misses you.
A scorpion comes into view.
Your quokka bites the orc.
Flame seeps out of the orc.
The kobold brigand barely misses you.
The orc is engulfed in blazing flames.
The orc explodes!
The fiery explosion engulfs you!!!
Ouch! That really hurt!
You die...

.....#....#........#
.....#..>.#........#
.....#....#........#
#....#....#........#
#....#....#........#
+....#....#........#
#....# #........#
...[.# .#.#.#K#Z.#
....!.S@r§#
.#.#.#S#○§#
...{o.§.# #.#.#.####
....sl #.# #. ... ..
.# #.


You could see a kobold brigand (inner flame, weak-willed), a scorpion, an iguana
(inner flame), 2 adders, an orc (inner flame), a friendly quokka (summoned,
inner flame) and a friendly hound skeleton (summoned, inner flame).

Vanquished Creatures
  A centaur (D:4)
  A centaur zombie (D:4)
  A gnoll shaman (D:4)
  An orc wizard (D:3)
  A hound skeleton (D:4)
  12 gnolls
  3 adders
  An adder skeleton (D:4)
  2 worms
  3 dart slugs
  9 orcs
  6 bats
  4 endoplasms
  3 giant cockroaches
  11 goblins
  4 hobgoblins
  3 jackals (D:1)
  6 quokkas
  2 ball pythons
  5 frilled lizards
  A jackal zombie (D:3)
  8 kobolds
  10 rats
98 creatures vanquished.

Vanquished Creatures (collateral kills)
  2 gnolls (D:2)
2 creatures vanquished.

Vanquished Creatures (others)
  10 demonic plants (D:2)
  3 fungi (D:2)
  2 plants (D:2)
  3 withered plants (D:2)
18 creatures vanquished.

Grand Total: 118 creatures vanquished

Notes
Turn   | Place    | Note
-------+----------+-------------------------------------------
     0 | D:1      | flotson the Demonspawn Gladiator began the quest for the
                  | Orb.
     0 | D:1      | Reached XP level 1. HP: 16/16 MP: 1/1
   408 | D:1      | Gained mutation: Your movements are slightly less
                  | encumbered by armour. (ER -2) [demonic ancestry]
   408 | D:1      | Reached XP level 2. HP: 17/22 MP: 2/2
  1023 | D:1      | Gained mutation: You have large cloven feet. [demonic
                  | ancestry]
  1023 | D:1      | Reached XP level 3. HP: 28/28 MP: 3/3
  1046 | D:1      | Reached skill level 1 in Armour
  1046 | D:1      | Reached skill level 3 in Dodging
  1720 | D:2      | Gained mutation: A weak demonic guardian rushes to your
                  | aid. [demonic ancestry]
  1720 | D:2      | Reached XP level 4. HP: 32/34 MP: 4/4
  2767 | D:2      | Reached XP level 5. HP: 22/40 MP: 5/5
  3016 | D:2      | Found a faded altar of an unknown god.
  3478 | D:2      | Found a faded altar of an unknown god.
  4913 | D:4      | Gained mutation: You have hoof-like feet. [demonic
                  | ancestry]
  4913 | D:4      | Reached XP level 6. HP: 38/45 MP: 6/6
  5230 | D:4      | Reached skill level 1 in Axes
  5322 | D:4      | Reached skill level 4 in Dodging
  5420 | D:4      | Killed by an exploding orc... ignited by their inner flame

Illustrated notes

Levels and vault maps discovered:
D:1:      dpeg_arrival_rooms_b, layout_basic, minmay_tree_intersection
D:2:      layout_basic, shapermc_ecumenical_altar_gd, kennysheep_doodads,
          minivault_26
D:3:      minmay_evil_eye, layout_rooms, chequers_avenue,
          kennysheep_generic_room_2
D:4:      layout_gridville, mainiacjoe_overflow_paths, st_stairs_9, uniq_ijyb

Skill      XL: |  1  2  3  4  5  6 |
---------------+-------------------+-----
Throwing       | 2 3 |  3.2
Maces & Flails | 3 |  3.5
Armour         | 1 2 |  2.5
Dodging        | 3 4 |  4.0
Fighting       | 3 |  3.6
Axes           | 1 |  1.2

Action                   |  1- 3 |  4- 6 || total
-------------------------+-------+-------++-------
Melee: Flail             |    91 |    31 ||   122
       Whip              |    12 |   125 ||   137
       Kick              |     8 |    51 ||    59
       Broad axe         |       |    22 ||    22
  Use: Scroll            |       |     4 ||     4
 Stab: Sleeping          |     3 |     2 ||     5
Armor: Leather armour    |    26 |       ||    26
       Ring mail         |     5 |    61 ||    66
Dodge: Dodged            |    76 |   152 ||   228

Table legend: (Time is in decaauts)
 A = Elapsed time spent in this place.
 B = Non-inter-level travel time spent in this place.
 C = Inter-level travel time spent in this place.
 D = Time resting spent in this place.
 E = Time spent auto-exploring this place.
 F = Levels seen in this place.
 G = Mean time per level.
                   A        B        C        D        E       F      G
               +--------+--------+--------+--------+--------+-----+--------+
         Total |   5457 |   5256 |    201 |    731 |   3736 |   4 | 1364.2 |
       Dungeon |   5457 |   5256 |    201 |    731 |   3736 |   4 | 1364.2 |
               +--------+--------+--------+--------+--------+-----+--------+

Top non-repeatable levels by time:
     D:1: 2122 daAuts
     D:2: 1921 daAuts
     D:3: 882 daAuts
     D:4: 529 daAuts
